 Dungeon Crawl Stone Soup version 0.18-a0-1123-gbd92598 (webtiles) character file.

238 M4edhros the Sneak (level 6, -4/38 HPs)
             Began as an Octopode Artificer on Jan 20, 2016.
             Was an Initiate of Ru.
             Killed from afar by an orc wizard (9 damage)
             ... with a puff of flame
             ... on level 3 of the Dungeon.
             The game lasted 00:03:14 (2626 turns).

M4edhros the Sneak (Octopode Artificer)             Turns: 2626, Time: 00:03:14

Health: -4/38      AC:  1    Str: 10    XL:     6   Next: 7%
Magic:  9/9        EV: 13    Int: 17    God:    Ru [......]
Gold:   239        SH:  0    Dex: 12    Spells: 0 memorised, 5 levels left

rFire  . . .     SeeInvis .     a - +0 short sword
rCold  . . .     Gourm    .     (no shield)
rNeg   . . .     Faith    +     (helmet restricted)
rPois  +         Spirit   .     r - amulet of faith
rElec  .         Dismiss  .     w - ring of poison resistance
rCorr  .         Reflect  .     (no ring)
SustAt .         Harm     .     (no ring)
MR     .....                    (no ring)
Stlth  ++++......               (no ring)
                                (no ring)
                                (no ring)
                                (no ring)

@: not resistant to hostile enchantments, stealthy
A: almost no armour, amphibious, 8 rings, constrict 8, camouflage 1, gelatinous
body 1
a: Renounce Religion


You were on level 3 of the Dungeon.
You worshipped Ru.
Ru was noncommittal.
You were not hungry.

You visited 1 branch of the dungeon, and saw 5 of its levels.

You collected 239 gold pieces.

Inventory:

Hand Weapons
 a - a +0 short sword (weapon)
 q - a +0 hunting sling
Missiles
 e - 182 stones (quivered)
 o - 20 sling bullets
Jewellery
 r - an amulet of faith (around mantle)
 w - a ring of poison resistance (left tentacle)
Wands
 b - a wand of flame (14/48)
 c - a wand of enslavement (13/24)
 d - a wand of random effects (13/48)
Scrolls
 h - a scroll of magic mapping {unknown}
 j - a scroll of recharging {unknown}
 k - a scroll of teleportation {unknown}
 n - a scroll of identify {unknown}
 t - a scroll of noise {unknown}
 u - a scroll of enchant armour {unknown}
 x - a scroll of remove curse {unknown}
Potions
 i - 2 potions of might {unknown}
 l - a potion of brilliance {unknown}
 m - 2 potions of agility {unknown}
 p - a potion of haste {unknown}
 v - a potion of heal wounds {unknown}
 z - 2 potions of lignification {unknown}
Comestibles
 f - 3 bread rations
 g - 4 fruits
 s - a beef jerky


   Skills:
 - Level 1.0 Fighting
 - Level 1.0 Short Blades
 * Level 4.0 Dodging
 * Level 5.5 Stealth
 + Level 4.3 Evocations


You had 5 spell levels left.
You didn't know any spells.

Dungeon Overview and Level Annotations

Branches:
Dungeon (5/15)
 Temple: D:4-7

Altars:
Dithmenos
Elyvilon
Ru
Zin
The Shining One

Annotations:
D:5 WhatIsLove's ghost, novice DgGl


Innate Abilities, Weirdness & Mutations

You cannot wear most types of armour.
You are amphibious.
You can wear up to eight rings at the same time.
You can use your tentacles to constrict eight enemies at once.
Your skin changes colour to match your surroundings (Stealth).
Your rubbery body absorbs attacks (AC +1).


Message History

You barely miss the orc. Your grab misses the orc. The orc misses you.
You hit the orc. Your grab misses the orc. You squeeze the orc.
The orc is almost dead.
The orc barely misses you.
You closely miss the orc. Your grab misses the orc.
Your squeeze misses the orc.
The orc is almost dead.
The orc closely misses you.
You closely miss the orc. Your grab misses the orc.
The orc is almost dead.
The orc closely misses you.
You hit the orc.
You kill the orc!
Something hits you.
A magic dart appears from out of thin air!
The magic dart hits you!
* * * LOW HITPOINT WARNING * * *
A puff of flame appears from out of thin air!
The puff of flame hits you!
You die...

### #.#.# #######.#.. #.......#.#
#.#####.#.# #.# #.#.# #.# #.#.#
##### #.# ##.#.# .........
....####.# #..#@# .........
#......#.# #.##.## #l.......
#......#.####.....#######.#......
#..................K.............
#......#.#######..#.......#......
#......#.# #..#g[######.)..#
#......#.# ....#..# ###(...##
#......#.# ####.#..####....!..$
##.......# #.#..............


You could see a goblin.

Vanquished Creatures
  A giant frog zombie (D:4)
  An orc priest (D:5)
  An orc wizard (D:5)
  Ijyb (D:2)
  A worker ant zombie (D:4)
  3 adders
  An adder skeleton (D:5)
  A worm (D:3)
  3 giant geckos
  6 orcs
  3 goblins
  4 hobgoblins
  10 kobolds
  A quokka (D:3)
  2 ball pythons (D:1)
  3 bats
  2 giant newts
  A jackal skeleton (D:4)
  5 rats
50 creatures vanquished.

Vanquished Creatures (collateral kills)
  An ogre (D:4)
1 creature vanquished.

Vanquished Creatures (others)
  An adder (D:4)
1 creature vanquished.

Grand Total: 52 creatures vanquished

Notes
Turn   | Place    | Note
--------------------------------------------------------------
     0 | D:1      | M4edhros the Octopode Artificer began the quest for the Orb.
     0 | D:1      | Reached XP level 1. HP: 13/13 MP: 3/3
   426 | D:2      | Noticed Ijyb
   435 | D:2      | Killed Ijyb
   435 | D:2      | Reached XP level 2. HP: 13/18 MP: 4/4
   435 | D:2      | Reached XP level 3. HP: 16/23 MP: 5/5
   654 | D:4      | Found a white marble altar of Elyvilon.
   699 | D:4      | Noticed an ogre
   715 | D:4      | Killed an ogre
   715 | D:4      | Reached XP level 4. HP: 28/28 MP: 6/6
   757 | D:4      | Reached skill level 4 in Stealth
   848 | D:5      | Entered Level 5 of the Dungeon
  1082 | D:5      | Reached XP level 5. HP: 17/33 MP: 6/8
  1350 | D:5      | Noticed WhatIsLove's ghost (novice DgGl)
  1479 | D:5      | Found a glowing silver altar of Zin.
  1573 | D:5      | Found a glowing golden altar of the Shining One.
  1573 | D:5      | Found a sacrificial altar of Ru.
  1573 | D:5      | Found a shadowy altar of Dithmenos.
  1632 | D:5      | Became a worshipper of Ru the Awakened
  1840 | D:1      | Reached skill level 5 in Stealth
  2503 | D:3      | Reached XP level 6. HP: 38/38 MP: 9/9
  2626 | D:3      | Killed from afar by an orc wizard

Vault maps used:
D:1:      onia_arrival_pyramid, patterned_corridor
D:2:      fountainhead, uniq_iyjb
D:3:      gammafunk_pakellas_statue_experiment, kennysheep_cross_room,
          uniq_robin
D:4:      elyvilon_altar_5, serial_undead, serial_undead_d, serial_undead_c,
          serial_undead_e, serial_undead_e, serial_undead_b, serial_undead_b,
          serial_undead_b, grunt_tough_drop
D:5:      gammafunk_temple_overflow_forgotten, nicolae_overflow_hidden_temple,
          first_bread

Action                   |  1- 3 |  4- 6 || total
-------------------------+-------+-------++-------
Melee: Short sword       |    27 |    97 ||   124
Evoke: Wand              |     2 |     3 ||     5
 Stab: Sleeping          |     4 |    13 ||    17
  Eat: Meat ration       |       |     1 ||     1
